 Dungeon Crawl Stone Soup version 0.13-a0-2210-g26cee09 (webtiles) character file.

145 Grabo the Ruinous (level 3, -2/27 HPs)
             Began as a Djinni Conjurer on July 3, 2013.
             Was an Initiate of Vehumet.
             Slain by an adder (4 damage)
             ... on Level 2 of the Dungeon.
             The game lasted 00:02:55 (1156 turns).

Grabo the Ruinous (Djinni Conjurer)                 Turns: 1156, Time: 00:02:55

HP  -2/27        AC  2     Str  8      XL: 3   Next: 32%
MP   0/0         EV 12     Int 16      God: Vehumet [......]
Gold 104         SH  0     Dex 13      Spells:  2 memorised,  1 level left

Res.Fire  : + + +   See Invis. : .   g - +0,+1 orc whip
Res.Cold  : x . .   Warding    : .   a - +0 robe
Life Prot.: + + +   Conserve   : .   (no shield)
Res.Poison: .       Res.Corr.  : .   (no helmet)
Res.Elec. : .       Clarity    : .   (no cloak)
Sust.Abil.: . .     Spirit.Shd : .   (no gloves)
Res.Mut.  : .       Stasis     : .   (boots unavailable)
Res.Rott. : .       Flight     : .   (no amulet)
Saprovore : . . .                    (no ring)
                                     f - ring of wizardry

@: very slightly contaminated, not resistant to hostile enchantments, unstealthy
A: no striking features
a: Renounce Religion


You were on level 2 of the Dungeon.
You worshipped Vehumet.
Vehumet was noncommittal.
You were not hungry.

You visited 1 branch of the dungeon, and saw 2 of its levels.

You collected 84 gold pieces.

Inventory:

Hand weapons
 g - a +0,+1 orcish whip (weapon)
Armour
 a - a +0 robe (worn)
Magical devices
 m - a wand of magic darts (6)
Scrolls
 b - a scroll of recharging {unknown}
 d - 3 scrolls of identify {unknown}
 i - a scroll of magic mapping {unknown}
 k - a scroll of fear {unknown}
 l - a scroll of remove curse {unknown}
 n - a scroll of enchant weapon I {unknown}
Jewellery
 f - a ring of wizardry (left hand)
Potions
 e - a potion of curing {unknown}
 h - a potion of resistance {unknown}
 j - 2 potions of degeneration {unknown}
Books
 c - a book of Conjurations

   Spells                             Type                      Level
   *Magic Dart                        Conjuration                  1
   *Force Lance                       Conjuration                  2
   Dazzling Spray                     Conjuration/Hexes            3
   Iskenderun's Mystic Blast          Conjuration                  4
   Iskenderun's Battlesphere          Conjuration/Charms           4
   Fulminant Prism                    Conjuration/Hexes            5


   Skills:
 - Level 1.7 Dodging
 - Level 1.5 Stealth
 + Level 1.3 Spellcasting
 + Level 5.6 Conjurations


You had one spell level left.
You knew the following spells:

 Your Spells              Type           Power        Failure   Level  Hunger
a - Magic Dart            Conj           ###.         1%          1    ##.....
b - Force Lance           Conj           ###...       1%          2    ###....


Dungeon Overview and Level Annotations

Branches:
Dungeon (2/27)

Altars:
Vehumet


Message History

The adder barely misses you.
Casting: Force Lance
Confirm with . or Enter, or press ? or * to list all spells.
Aiming: Magic Dart
Press: ? - help, Shift-Dir - straight line, f/p - adder
Aim: an adder (lightly wounded)
The magic dart hits the adder.
The adder is moderately wounded.
The adder bites you.
* * * LOW HITPOINT WARNING * * *
You miss the adder.
The adder is moderately wounded.
The adder closely misses you. The adder bites you but does no damage.
Casting: Magic Dart
Confirm with . or Enter, or press ? or * to list all spells.
You don't have enough magic to cast that spell.
You closely miss the adder.
The adder is moderately wounded.
The adder bites you.
You die...

###### ##########
..##....#########.........
<..)..................####.
.##..$.S@.....%..........
#....#########....####.
#....#.................
#....#.######..........
................#..8..#.
.##..............##...##.
...............#######.
.##.#########..##...##. .
#..#..8..#.


You could see an adder.

Vanquished Creatures
  An adder (D:2)
  2 giant geckos (D:1)
  4 hobgoblins
  4 kobolds
  2 quokkas (D:2)
  7 bats
  5 giant newts (D:1)
  3 goblins
  6 rats
34 creatures vanquished.

Notes
Turn   | Place    | Note
--------------------------------------------------------------
     0 | D:1      | Grabo, the Djinni Conjurer, began the quest for the Orb.
     0 | D:1      | Reached XP level 1. HP: 14/14 MP: 0/0
   160 | D:1      | Reached XP level 2. EP: 13/21
   167 | D:1      | Learned a level 2 spell: Force Lance
   187 | D:1      | Reached skill level 5 in Conjurations
   800 | D:2      | Found a radiant altar of Vehumet.
  1014 | D:2      | Became a worshipper of Vehumet
  1022 | D:2      | Reached XP level 3. EP: 19/26
  1154 | D:2      | HP: 1/27 [adder (4)]
  1156 | D:2      | Slain by an adder

Action                   || total
-------------------------++-------
Melee: Dagger            ||    21
       Unarmed           ||     2
       Whip              ||    25
 Cast: Magic Dart        ||    43
       Force Lance       ||     2
 Stab: Sleeping          ||     2
